 Dungeon Crawl Stone Soup version 0.31-a0-859-g9dce7d3444 (webtiles) character file.

Game seed: 13529893023561354006

506 Kurtz the Chopper (level 7, -5/61 (62) HPs)
             Began as a Naga Delver on Oct 9, 2023.
             Slain by a two-headed ogre
             ... wielding a +0 giant club
              (28 damage)
             ... on level 5 of the Dungeon.
             The game lasted 00:04:42 (5224 turns).

Kurtz the Chopper (Naga Delver)                     Turns: 5224, Time: 00:04:43

HP:   -5/61 (62)    AC:  6    Str: 20    XL:     7   Next: 18%
MP:   7/7           EV:  8    Int: 10    God:
Gold: 78            SH:  0    Dex: 15    Spells: 6/6 levels left

rFire   . . .        J - +4 hand axe (drain)
rCold   . . .        (no shield)
rNeg    . . .        y - +0 scale mail
rPois   +            i - +0 helmet
rElec   .            (no cloak)
rCorr   .            (no gloves)
SInv    +            (no barding)
Will    .....        (no amulet)
Stlth   ++           d - +6 ring of strength
HPRegen 0.30/turn    (no ring)
MPRegen 0.10/turn

%: no passive effects
@: lightly drained, very slow
A: AC +2, large, see invisible, deformed body, poison resistance, slowness 2,
spit poison 1, naga tail 1
a: Spit Poison


You were on level 5 of the Dungeon.
You visited 1 branch of the dungeon, and saw 5 of its levels.
You also visited: Sewer.

You collected 214 gold pieces.
You spent 136 gold pieces at shops.

Inventory:

Hand Weapons
 a - a +0 hand axe
 w - a +2 whip of venom
 G - a +1 mace of protection
 J - a +4 hand axe of draining (weapon)
 K - a +0 war axe
Missiles
 x - 9 poisoned darts
 I - 5 boomerangs
Armour
 b - a +0 leather armour
 i - a +0 helmet (worn)
 y - a +0 scale mail (worn)
Jewellery
 d - a +6 ring of strength (left hand)
 u - a ring of wizardry
 B - an amulet of reflection
Wands
 g - a wand of digging (3)
 o - a wand of polymorph (9)
 p - a wand of acid (12) (quivered)
Scrolls
 c - 2 scrolls of fog
 e - a scroll of fear
 h - 6 scrolls of identify {unknown}
 r - 4 scrolls of teleportation
 s - 3 scrolls of blinking
 A - a scroll of enchant weapon {unknown}
 C - 2 scrolls of noise {unknown}
 E - a scroll of poison {unknown}
 H - a scroll of summoning {unknown}
Potions
 f - 2 potions of haste
 j - 3 potions of ambrosia {unknown}
 k - 2 potions of invisibility {unknown}
 l - 2 potions of heal wounds {unknown}
 m - a potion of resistance {unknown}
 n - 2 potions of might {unknown}
 q - a potion of magic {unknown}
 t - 2 potions of enlightenment {unknown}
 v - a potion of attraction {unknown}
 z - a potion of degeneration {unknown}
 D - a potion of curing {unknown}
 F - a potion of mutation {unknown}
 L - a potion of cancellation {unknown}


   Skills:
 - Level 3.0 Fighting
 * Level 7.6 Axes
 - Level 1.5 Dodging
 - Level 7.2 Stealth


You had 6 spell levels left.
You didn't know any spells.
Your spell library was empty.

Dungeon Overview and Level Annotations

Branches:
Dungeon (5/15)              Sewer (visited)
 Temple: D:4-7

Altars:
Dithmenos
Hepliaklqana
Yredelemnul
Zin

Shops:
D:3 ?


Innate Abilities, Weirdness & Mutations

Your serpentine skin is tough. (AC +2)
You have supernaturally acute eyesight. (SInv)
Armour fits poorly on your strangely shaped body.
Your system is resistant to poisons. (rPois)
You cover ground very slowly.
You can spit poison.
You have a snake-like lower body.


Message History

The phantom barely misses you.
You closely miss the phantom.
The phantom is severely damaged.
The phantom completely misses you.
You hit the phantom.
The phantom is almost destroyed.
The phantom hits you but does no damage.
The two-headed ogre shouts in stereo!
You hit the phantom but do no damage.
The phantom is almost destroyed.
The phantom closely misses you.
You hit the phantom.
The phantom is almost destroyed.
The phantom hits you but does no damage.
You slash the phantom!
You destroy the phantom!
You have reached level 7!
Aiming: Corrosive Bolt
Press: ? - help, Q - select action, (/) - cycle Shift-Dir - straight line, f - two-headed ogre
Aim: a two-headed ogre, wielding a +0 giant club and a +0 giant spiked club (86% to hit)
The bolt of acid hits the two-headed ogre!
The two-headed ogre is lightly wounded.
Unknown command.
You slash the two-headed ogre! Your punch misses the two-headed ogre.
The two-headed ogre is heavily wounded.
The two-headed ogre hits you with a +0 giant club!!
The two-headed ogre hits you with a +0 giant spiked club!
Unknown command.
You hit the two-headed ogre.
The two-headed ogre is heavily wounded.
The two-headed ogre barely misses you.
The two-headed ogre hits you with a +0 giant spiked club!
Unknown command.
You hit the two-headed ogre. You drain the two-headed ogre.
The two-headed ogre is severely wounded.
Unknown command.
You hit the two-headed ogre. You drain the two-headed ogre.
The two-headed ogre is severely wounded.
The two-headed ogre hits you with a +0 giant club!!
You die...

.. #..... #..#.# #
#..#.## .# ##..#..#..#
# #......#..# ####
#....#.#..# ...#
.####.........#
##.#####.......†@....##
.......######.#.O...##
..####.# #)##...##
..####.#### #[)....#
..........######..##
#.####.##.........#
#.####.#.........##
#########
#......#.#########
...##... #######...# #.
#.##.##


You could see a two-headed ogre (drained).

Vanquished Creatures
  A phantom (D:5)
  A bullfrog (D:5)
  A scorpion (D:3)
  A jelly (D:5)
  An iguana (D:4)
  An orc wizard (D:5)
  Robin (D:4)
  10 adders
  An ufetubus (D:4)
  3 worms
  2 dart slugs
  5 orcs (D:5)
  9 ball pythons
  9 endoplasms
  4 giant cockroaches
  14 goblins
  8 hobgoblins
  6 jackals
  7 quokkas
  6 bats
  5 frilled lizards
  3 kobolds
  9 rats
108 creatures vanquished.

Notes
Turn   | Place    | Note
-------+----------+-------------------------------------------
     0 | D:5      | Kurtz the Naga Delver began the quest for the Orb.
     0 | D:5      | Reached XP level 1. HP: 21/21 MP: 1/1
    30 | D:5      | Reached XP level 2. HP: 2/28 MP: 2/2
   119 | D:5      | Noticed a two-headed ogre
   279 | D:4      | Noticed Robin
   339 | D:4      | Reached XP level 3. HP: 26/34 MP: 3/3
   351 | D:4      | Killed Robin
   378 | D:4      | Found a glowing drain.
   404 | D:4      | Reached XP level 4. HP: 14/42 MP: 4/4
   407 | Sewer    | Entered a sewer
  1109 | D:4      | Reached skill level 5 in Axes
  1109 | D:4      | Reached XP level 5. HP: 38/49 MP: 5/5
  2153 | D:2      | Found a glowing silver altar of Zin.
  3483 | D:3      | Reached XP level 6. HP: 22/56 MP: 6/6
  3628 | D:3      | Found Xeramuke's Magic Scroll Emporium.
  3638 | D:3      | Bought a scroll of blinking for 97 gold pieces
  3638 | D:3      | Bought a scroll of teleportation for 39 gold pieces
  4022 | D:3      | Found a basalt altar of Yredelemnul.
  4023 | D:3      | Found a hazy altar of Hepliaklqana.
  4025 | D:3      | Found a shadowy altar of Dithmenos.
  5220 | D:5      | Reached XP level 7. HP: 54/61 MP: 7/7
  5224 | D:5      | Slain by a two-headed ogre

Illustrated notes

Levels and vault maps discovered:
D:1:      lemuel_arrival_broad_hall, layout_loops_ring
D:2:      layout_basic, basic_altar
D:3:      layout_basic, minitemple, serial_shops, nicolae_lakefront_shop
D:4:      layout_basic, cheibrodos_sewer_entry_drain, minivault_25, uniq_robin
D:5:      layout_loops_cross, nicolae_sif_muna_condensation,
          nicolae_nh_oracle_at_delphi

Skill      XL: |  1  2  3  4  5  6 |
---------------+-------------------+-----
Axes           | 3 4 5 6 7 |  7.6
Fighting       | |  3.0
Dodging        | |  1.5
Stealth        | |  7.2

Action                     |  1- 3 |  4- 6 |  7- 9 || total
---------------------------+-------+-------+-------++-------
  Melee: Hand axe          |    63 |   157 |     4 ||   224
         Punch             |     1 |     5 |       ||     6
         Whip              |       |    92 |       ||    92
         Mace              |       |     6 |       ||     6
Ability: Spit Poison       |       |     3 |       ||     3
  Evoke: Wand              |       |       |     1 ||     1
    Use: Scroll            |     1 |       |       ||     1
   Stab: Sleeping          |     1 |    25 |       ||    26
         Distracted        |       |     1 |       ||     1
 Armour: Leather armour    |    51 |   103 |       ||   154
         Scale mail        |       |    62 |     4 ||    66
  Dodge: Dodged            |    34 |    95 |     1 ||   130

Table legend: (Time is in decaauts)
 A = Elapsed time spent in this place.
 B = Non-inter-level travel time spent in this place.
 C = Inter-level travel time spent in this place.
 D = Time resting spent in this place.
 E = Time spent auto-exploring this place.
 F = Levels seen in this place.
 G = Mean time per level.
                   A        B        C        D        E       F      G
               +--------+--------+--------+--------+--------+-----+--------+
         Total |   6723 |   6365 |    358 |    692 |   4493 |   6 | 1120.5 |
       Dungeon |   6061 |   5703 |    358 |    493 |   4182 |   5 | 1212.2 |
         Sewer |    661 |    661 |      0 |    199 |    311 |   1 |  661.0 |
               +--------+--------+--------+--------+--------+-----+--------+

Top non-repeatable levels by time:
     D:3: 1508 daAuts
     D:2: 1485 daAuts
     D:4: 1285 daAuts
     D:1: 1066 daAuts
     D:5: 715 daAuts
   Sewer: 661 daAuts
